 Dungeon Crawl Stone Soup version 0.31-a0-1620-gcbf77bbcfc (webtiles) character file.

Game seed: 4440281829855613800

2703714 bakla the Troglodyte (level 22, 172/172 HPs)
             Began as a Felid Monk on Jan 11, 2024.
             Was an Initiate of Trog.
             Escaped with the Orb
             ... and 3 runes
             ... and 3 gems on Jan 12, 2024!
             The game lasted 01:40:35 (33311 turns).

bakla the Troglodyte (Felid Monk)                  Turns: 33311, Time: 01:40:35

Health: 172/172    AC: 27    Str: 15    XL:     22   Next: 97%
Magic:  37/37      EV: 43    Int: 14    God:    Trog [......]
Gold:   2606       SH:  0    Dex: 18    Spells: 28/31 levels left
                                        Lives:  1   Deaths: 4

rFire   + .          .
                       - Unarmed
rCold   + . .        (shield unavailable)
rNeg    + . .        (body armour unavailable)
rPois   ∞            (helmet unavailable)
rElec   +            (cloak unavailable)
rCorr   .            (gloves unavailable)
SInv    +            (boots unavailable)
Will    +++..        h - amulet of regeneration
Stlth   +++          S - ring of the Median {rF+ rC+ Stlth+}
HPRegen 1.28/turn    V - ring of the Hare {EV+10}
MPRegen 0.25/turn

%: no passive effects
@: statue-form, very slow
A: slow and powerful, torment resistance 1, boosted hp, very small, claws 1,
fangs 3, see invisible, (shaggy fur 3), stealthy paws, no weapons or thrown
items, no armour, multi-lived, horns 1, clumsy 1, dopey 2
0: Orb of Zot
}: 3/15 runes: decaying, silver, gossamer
a: Begin Untransformation, Renounce Religion


You escaped.
You worshipped Trog.
Trog was noncommittal.
You were a living statue of rough stone.
You visited 10 branches of the dungeon, and saw 48 of its levels.
You also visited: Bailey.

You collected 5111 gold pieces.
You spent 2505 gold pieces at shops.

Inventory:

Armour
 R - a +0 robe
Jewellery
 h - an amulet of regeneration (around neck)
 v - the ring "Woboli" {Wiz Str+3}
   (You took it off an ogre mage on level 5 of the Vaults)

   [ring of wizardry]

   Wiz:       It improves your spell success rate.
   Str+3:     It affects your strength (+3).
 B - a ring of protection from cold
 E - a ring of resist corrosion
 I - a ring of protection from fire
 J - a ring of willpower
 P - the ring of Bahyraim {rPois rF+ Int+6}
   (You bought it in a shop on level 8 of the Dungeon)

   [ring of intelligence]

   Int+6:     It affects your intelligence (+6).
   rF+:       It protects you from fire.
   rPois:     It protects you from poison
 Q - a ring of flight
 S - the ring of the Median (left paw) {rF+ rC+ Stlth+}
   (You took it off a deep elf death mage on level 3 of the Elven Halls)

   [ring of protection from cold]

   rF+:       It protects you from fire.
   rC+:       It protects you from cold.
   Stlth+:    It makes you more stealthy.
 V - the ring of the Hare (right paw) {EV+10}
   (You took it off a yaktaur on level 5 of the Vaults)

   [ring of evasion]

   EV+10:     It affects your evasion (+10).
Talismans
 f - a blade talisman
 N - the granite talisman of Liberalism (active) {Int+2}
   (You found it on level 5 of the Vaults)

   [granite talisman]

   Int+2:     It affects your intelligence (+2).
 O - a maw talisman
 X - a dragon-blood talisman
Wands
 a - a wand of flame (115)
 j - a wand of paralysis (34)
 n - a wand of mindburst (16)
 q - a wand of polymorph (16)
 C - a wand of acid (31)
 M - a wand of roots (16)
 Y - a wand of digging (7)
Scrolls
 c - 3 scrolls of noise
 p - 6 scrolls of teleportation
 y - 2 scrolls of torment
 z - 3 scrolls of fog
 D - 5 scrolls of immolation
 F - 4 scrolls of poison
 G - 6 scrolls of amnesia
 K - 25 scrolls of identify
 L - 2 scrolls of blinking
 T - 4 scrolls of fear
Potions
 b - 4 potions of cancellation
 d - 4 potions of haste
 e - 3 potions of berserk rage
 g - 5 potions of invisibility
 i - 10 potions of heal wounds
 k - 7 potions of mutation
 l - 18 potions of curing
 m - 7 potions of ambrosia
 o - 11 potions of attraction
 r - 8 potions of enlightenment
 s - 9 potions of might
 x - 2 potions of lignification
 A - 5 potions of resistance
 U - 3 potions of magic
 W - 4 potions of brilliance
Miscellaneous
 t - a lightning rod (4/4)
 u - a sack of spiders (inert)
 w - a tin of tremorstones (2/2)
 H - a phantom mirror (inert)


   Skills:
 - Level 20.0 Fighting
 - Level 20.0 Dodging
 + Level 19.8 Stealth
 - Level 20.0 Unarmed Combat
 - Level 5.0 Spellcasting
 - Level 5.0 Necromancy
 - Level 20.1 Invocations
 - Level 15.0 Evocations
 - Level 16.0 Shapeshifting


You had 28 spell levels left.
You knew the following spells:

 Your Spells              Type           Power      Damage    Failure   Level
a - Fugue of the Fallen   Necr           17%        N/A       7%          3

Your spell library contained the following spells:

 Spells                   Type           Power      Damage    Failure   Level
 Necrotise                Necr           68%        1d7       2%          1
 Kiss of Death            Conj/Necr      40%        2d8       6%          1
 Apportation              Tloc           6%         N/A       17%         1
 Freeze                   Ice            12%        1d3       17%         1
 Sandblast                Erth           6%         2d5       17%         1
 Sting                    Conj/Alch      12%        1d3       17%         1
 Summon Small Mammal      Summ           12%        N/A       17%         1
 Animate Dead             Necr           17%        N/A       22%         4
 Dispel Undead            Necr           17%        3d10      22%         4
 Ensorcelled Hibernation  Hex/Ice        6%         N/A       26%         2
 Jinxbite                 Hex            6%         N/A       26%         2
 Lesser Beckoning         Tloc           6%         N/A       26%         2
 Mercury Vapours          Alch/Air       6%         N/A       26%         2
 Scorch                   Fire           6%         2d5       26%         2
 Call Canine Familiar     Summ           3%         N/A       45%         3
 Confusing Touch          Hex            3%         N/A       45%         3
 Frozen Ramparts          Ice            6%         1d1       45%         3
 Gell's Gravitas          Tloc           3%         N/A       45%         3
 Hailstorm                Conj/Ice       3%         3d5       45%         3
 Inner Flame              Hex/Fire       3%         N/A       45%         3
 Mephitic Cloud           Conj/Alch/Air  3%         N/A       45%         3
 Ozocubu's Armour         Ice            3%         N/A       45%         3
 Passwall                 Erth           3%         N/A       45%         3
 Sigil of Binding         Hex            3%         N/A       45%         3
 Stone Arrow              Conj/Erth      6%         3d7       45%         3
 Teleport Other           Tloc           3%         N/A       45%         3
 Anguish                  Hex/Necr       5%         N/A       52%         4
 Martyr's Knell           Necr/Summ      10%        N/A       52%         4
 Brom's Barrelling Bould  Conj/Erth      3%         2d3       86%         4
 Flame Wave               Conj/Fire      3%         2d5       86%         4
 Leda's Liquefaction      Alch/Erth      1%         N/A       86%         4
 Manifold Assault         Tloc           3%         N/A       86%         4
 Olgreb's Toxic Radiance  Alch           3%         N/A       86%         4
 Passage of Golubria      Tloc           3%         N/A       86%         4
 Sticky Flame             Fire/Alch      3%         2d4       86%         4
 Summon Blazeheart Golem  Fire/Summ      3%         N/A       86%         4
 Summon Lightning Spire   Summ/Air       3%         N/A       86%         4
 Borgnjor's Vile Clutch   Necr/Erth      5%         N/A       86%         5
 Death Channel            Necr           8%         N/A       98%         6
 Alistair's Intoxication  Alch           2%         N/A       99%         5
 Freezing Cloud           Conj/Ice/Air   1%         6-21      99%         5
 Lee's Rapid Deconstruct  Erth           1%         3d4*      99%         5
 Silence                  Hex/Air        1%         N/A       99%         5
 Yara's Violent Unravell  Hex/Alch       1%         3d3       99%         5
 Bombard                  Conj/Erth      1%         9d1       100%        6
 Summon Cactus Giant      Summ           1%         N/A       100%        6
 Malign Gateway           Summ/Tloc      1%         N/A       100%        7
 Lehudib's Crystal Spear  Conj/Erth      1%         10d2      100%        8
 Animate Armour           Summ/Erth      Unusable   N/A       N/A         4
 Dimensional Bullseye     Hex/Tloc       Unusable   N/A       N/A         4

Dungeon Overview and Level Annotations

Branches:
Dungeon (15/15)            Temple (1/1) D:5            Lair (5/5) D:9
  Swamp (4/4) Lair:2       Spider (4/4) Lair:3        Slime (0/5) Lair:4
    Orc (2/2) D:9             Elf (3/3) Orc:2        Vaults (5/5) D:13
 Depths (4/4) D:15            Zot (5/5) Depths:4     Bailey (visited)
  Crypt: Vaults:2-3

Altars:
Ashenzari
Cheibriados
Dithmenos
Elyvilon
Fedhas
Gozag
Hepliaklqana
Kikubaaqudgha
Makhleb
Nemelex Xobeh
Okawaru
Qazlal
Ru
Sif Muna
Trog
Uskayaw
Vehumet
Wu Jian
Xom
Yredelemnul
Zin
The Shining One
Jiyva

Shops:
D:5 !([=*   D:6 [   D:8 =   D:11 [   D:14 (!   Orc:2 [(::(   Elf:1 (
Elf:2 ::*   Vaults:1 (   Depths:4 *

Portals:
Hell: Depths:4
Ziggurat: Depths:1
Trove: D:10 (give 7 potions of haste)

Annotations:
D:3 exclusion: ogre
D:7 1 runed translucent door, SheepSpotted's ghost, novice DrSh
Lair:3 exclusion: door
Spider:4 1 runed translucent door, Midpoint's ghost, adept DsRe; Roxanne
Elf:2 3 runed translucent doors
Depths:2 exclusion: 2 upstairs
Depths:4 exclusion: 3 upstairs
Zot:2 exclusion: 2 upstairs
Zot:3 exclusion: 3 upstairs
Zot:4 exclusion: 3 upstairs
Zot:5 exclusion: upstairs, Hoptod's ghost, master DsFi


Innate Abilities, Weirdness & Mutations

You are a living statue of rough stone.
Your actions are slow, but your melee attacks are powerful.
You are resistant to unholy torment.
Your maximum health is greatly increased.
You are immune to poison.
You have sharp claws.
You have razor-sharp teeth.
You have supernaturally acute eyesight. (SInv)
((Your thick and shaggy fur keeps you warm. (AC +3, rC+)))
Your paws help you pounce on unaware monsters.
You are incapable of wielding weapons or throwing items.
You cannot wear armour.
You gain extra lives every three experience levels.
You have a pair of small horns on your head.
You are clumsy. (Dex -2)
You are very dopey. (Int -4)


Message History

The Orb Guardian completely misses you. The Orb Guardian closely misses you.
The Orb Guardian misses you. The red devil completely misses you.
You climb upwards.
There is a stone staircase leading down here.
You barely miss the Orb Guardian. You claw the Orb Guardian!
You bite the Orb Guardian!
The Orb Guardian is almost dead.
The Orb Guardian completely misses you. x2
You eviscerate the Orb Guardian!!!
You kill the Orb Guardian!
Trog accepts your kill.
What level of the Dungeon? (default 1, ? - help)
A cherub comes into view.
It is wielding a +4 scimitar of flaming.
Unknown command.
You mangle the cherub!! Your headbutt misses the cherub.
Your claw misses the cherub. You bite the cherub, but do no damage.
The cherub is moderately wounded.
The cherub completely misses you. x2
You miss the cherub. Your headbutt misses the cherub.
Your bite misses the cherub.
The cherub is moderately wounded.
The cherub hits you with a +4 scimitar of flaming!
The cherub burns you. The cherub misses you.
You miss the cherub.
You headbutt the cherub, but do no damage.
The cherub is moderately wounded.
The cherub completely misses you. x2
You miss the cherub. You headbutt the cherub.
The cherub is moderately wounded.
The cherub barely misses you. The cherub completely misses you.
You eviscerate the cherub!!!
You kill the cherub!
Trog accepts your kill.
Things that are here:
a +4 scimitar of flaming; a +0 shortbow; a +0 robe What level of the Dungeon? (default 1, ? - help) HP restored.
There is a staircase leading out of the dungeon here.
You have escaped!

#.##....##.#.##[#######....
####.##....##.#.##.# #....
#....##.(..##.#..(.# #....
#.#####....##.###..# #....
#.# #...##...##..# #....
#.# #...##...##..# #....
#.#
#...##...##.(#######.[..
#.#
#...#.....#........+....
#.#
#...#..8..#.########....
#.#
#...#.....#.#.....##.###
#.# #...##...##..........#
#.# #...##...#....###.#..#
#.#
#...##...#....#...#..###
#.#
#######.##......#.......
#.#
#######.##.##.#.###.....
#.#
#....##.#..##+#.........
#.#
##....##.#.#.............


There were no monsters in sight!

Vanquished Creatures
  A dread lich (Vaults:5)
  An orb of fire (Zot:5)
  3 ancient liches
  Mara (Spider:4)
  Bai Suzhen (Spider:4)
  6 Killer Klowns (Zot:5)
  A profane servitor (D:5)
  8 golden dragons
  Arachne (Spider:2)
  2 electric golems (Zot:5)
  A Hell Sentinel (Zot:4)
  9 tentacled monstrosities
  Asterion (Vaults:1)
  Mlioglotl (Spider:2)
  15 Orb Guardians
  2 deep elf master archers (Elf:3)
  2 sphinxes
  2 quicksilver dragons
  A walking divine tome (Depths:4)
  3 titans (Vaults:5)
  An Executioner (Zot:2)
  2 deep elf blademasters (Elf:3)
  7 death cobs
  Frances (Swamp:2)
  2 thorn hunters
  Aizul (Spider:4)
  Donald (Elf:1)
  9 shadow dragons
  3 tengu reavers
  2 fenstrider witches (Swamp:3)
  6 storm dragons
  5 frost giants
  2 fire giants
  2 draconian knights (Depths:4)
  7 emperor scorpions
  2 draconian shifters (Zot:4)
  10 vault wardens
  5 deep elf elementalists (Elf:3)
  2 draconian scorchers
  6 deep elf sorcerers (Elf:3)
  2 orc warlords
  2 draconian annihilators
  4 ghost moths
  A cacodemon (Depths:4)
  7 stone giants
  11 ironbound preservers
  A spriggan defender (Depths:4)
  A formless jellyfish (Vaults:1)
  12 very ugly things
  4 black draconians
  3 green draconians
  7 deep elf demonologists
  8 deep elf annihilators (Elf:3)
  A lorocyproca (D:5)
  4 deep elf death magi
  2 demonspawn black suns (D:5)
  4 bunyips
  4 war gargoyles
  4 purple draconians
  3 eleionomae
  5 yellow draconians
  3 white draconians
  4 dire elephants (Vaults:1)
  5 red draconians
  A blizzard demon (Depths:4)
  A green death (Zot:4)
  An entropy weaver (Spider:3)
  12 ettins
  2 fire dragons (Swamp:3)
  9 yaktaur captains
  4 deep elf high priests
  A shambling mangrove (Swamp:4)
  2 great orbs of eyes (Vaults:1)
  38 vault guards
  4 catoblepae
  2 rakshasas
  2 ice dragons (Depths:2)
  A peacekeeper (Vaults:2)
  2 sphinx zombies (Depths:2)
  3 ironbound frosthearts
  3 ogre magi
  23 hydras
  Erica (Lair:1)
  2 jorogumos
  5 centaur warriors
  3 spriggan air magi
  10 boulder beetles
  2 radroaches
  8 alligators
  6 two-headed ogres
  6 deep troll shamans (Depths:4)
  9 death yaks
  21 dancing weapons
  3 deep troll earth magi
  3 tengu warriors
  An orc high priest (Elf:1)
  A shock serpent (shapeshifter) (Vaults:5)
  5 demonic crawlers
  2 sun demons
  12 deep elf knights
  3 spriggan berserkers
  A soul eater (Depths:4)
  A fire crab (D:15)
  4 iron trolls (Depths:4)
  A shadow wraith (Vaults:5)
  7 pharaoh ants
  26 deep trolls
  A storm dragon skeleton (Depths:2)
  6 bog bodies
  A sixfirhy (Depths:4)
  A cherub (D:1)
  3 orb spiders
  A mana viper (Orc:2)
  4 phantasmal warriors (Vaults:5)
  2 spriggan druids (Swamp:3)
  3 glowing orange brains
  17 ironbound convokers
  21 deep elf zephyrmancers
  6 orc knights
  A harpy (shapeshifter) (D:15)
  18 swamp dragons
  2 arcanists
  A steelbarb worm (shapeshifter) (Vaults:5)
  9 deep elf archers
  11 harpies (Vaults:1)
  2 necromancers
  5 lindwurms
  20 deep elf pyromancers
  6 steelbarb worms
  3 orc sorcerers
  13 ugly things
  4 will-o-the-wisps
  14 wolf spiders
  13 moths of wrath
  A cyclops (shapeshifter) (Vaults:5)
  2 cyclopes
  8 elephants
  8 manticores
  2 kobold blastminers (Orc:2)
  6 black mambas
  A frost giant skeleton (Depths:2)
  A rust devil (Zot:4)
  A water nymph (shapeshifter) (Vaults:5)
  15 vault sentinels
  Joseph (D:7)
  Maggie (D:6)
  A gargoyle (D:9)
  A torpor snail (Spider:3)
  A smoke demon (D:14)
  2 cane toads (shapeshifter)
  13 cane toads
  2 rime drakes (Lair:3)
  2 freezing wraiths
  20 yaktaurs
  Jeremiah (D:9)
  7 komodo dragons
  An unseen horror (D:13)
  2 efreet
  A queen bee (shapeshifter) (D:14)
  3 tengu conjurers
  3 polar bears
  9 hornets
  2 hellwings (D:13)
  9 trolls
  12 tyrant leeches
  23 tarantellas
  20 blink frogs
  6 dream sheep (Lair:5)
  18 jumping spiders
  A centaur simulacrum (D:14)
  A shadow (D:9)
  Sigmund (D:3)
  6 air elementals
  21 slime creatures
  3 vampires (D:10)
  18 culicivoras
  3 wyverns
  7 spriggans
  3 wraiths
  58 yaks
  6 water elementals
  5 basilisks
  A fire elemental (Elf:1)
  A steam dragon (D:7)
  59 redbacks
  5 wargs
  A glowing shapeshifter zombie (Depths:2)
  11 swamp worms
  3 acid dragons
  3 hell hounds (Temple)
  9 water moccasins
  9 swamp drakes
  44 orc warriors
  3 ice beasts (D:6)
  A sky beast (D:7)
  2 laughing skulls (D:15)
  3 black bears
  12 wolves
  11 ogres
  14 centaurs
  3 phantoms
  15 bullfrogs
  2 kobold brigands
  3 scorpions
  6 earth elementals
  16 wights
  13 killer bees
  8 howler monkeys
  9 electric eels
  2 bombardier beetles
  5 jellies (Lair:4)
  17 orc priests
  3 hounds
  Ijyb (D:3)
  Terence (D:2)
  2 sleepcaps (D:8)
  Natasha (thrice) (D:2)
  4 iguanas
  19 orc wizards
  2 gnolls (Bailey)
  6 adders
  A shadow imp (D:7)
  2 dart slugs
  83 orcs
  4 ball pythons
  8 endoplasms
  3 giant cockroaches
  10 goblins
  9 hobgoblins
  3 jackals (D:5)
  22 kobolds
  7 quokkas
  2 bats (D:3)
  2 frilled lizards
  4 rats
1513 creatures vanquished.

Vanquished Creatures (collateral kills)
  A pandemonium lord (D:4)
  Rupert (D:13)
  A demonic crawler (D:4)
  An orange demon (D:4)
4 creatures vanquished.

Vanquished Creatures (others)
  A fire giant (Vaults:5)
  A deep elf sorcerer (Elf:3)
  A green draconian (Zot:2)
  An ironbound convoker (Vaults:2)
  A deep elf pyromancer (Elf:2)
  3 bloated husks
  An orc warrior (Orc:2)
  4 foxfires
13 creatures vanquished.

Grand Total: 1530 creatures vanquished

Notes
Turn   | Place    | Note
-------+----------+-------------------------------------------
     0 | D:1      | bakla the Felid Monk began the quest for the Orb.
     0 | D:1      | Reached XP level 1. HP: 12/12 MP: 2/2
   345 | D:1      | Reached skill level 1 in Stealth
   347 | D:1      | Reached XP level 2. HP: 13/16 MP: 3/3
   741 | D:1      | Identified a scroll of acquirement
   741 | D:1      | Acquired a manual of Dodging
   766 | D:2      | Noticed Natasha
   880 | D:2      | Killed from afar by Natasha
   880 | D:2      | Lost a life (0 lives remaining)
   937 | D:2      | Reached XP level 3. HP: 18/20 MP: 4/4
  1199 | D:2      | Reached skill level 5 in Dodging
  1238 | D:2      | Noticed Terence
  1647 | D:3      | Noticed a +0 dagger
  1647 | D:3      | Noticed a +0 dagger
  1649 | D:3      | Found a hide-covered altar of Uskayaw.
  1661 | D:3      | Reached XP level 4. HP: 24/24 MP: 5/5
  1661 | D:3      | Gained a life (1 life remaining)
  1674 | D:3      | Noticed Ijyb
  1719 | D:3      | Noticed an ogre
  1808 | D:3      | Noticed Sigmund
  1829 | D:3      | Killed Sigmund
  1830 | D:3      | Reached XP level 5. HP: 29/29 MP: 6/6
  2269 | D:4      | Gained mutation: You are covered in thick fur. (AC +2)
                  | [Felid growth]
  2269 | D:4      | Reached XP level 6. HP: 33/33 MP: 7/7
  2893 | D:4      | Reached skill level 1 in Shapeshifting
  3125 | D:5      | Entered Level 5 of the Dungeon
  3127 | D:5      | Found Doecs's Antique Armour Shoppe.
  3219 | D:5      | Found Cuatsoc's Assorted Antiques.
  3292 | D:5      | Found Iggoi's Jewellery Shop.
  3339 | D:5      | Found a staircase to the Ecumenical Temple.
  3353 | Temple   | Entered the Ecumenical Temple
  3361 | Temple   | Became a worshipper of the Wu Jian Council
  3361 | Temple   | Reached * piety under Wu Jian
  3361 | Temple   | Reached ** piety under Wu Jian
  3428 | D:5      | Reached skill level 5 in Stealth
  3428 | D:5      | Reached XP level 7. HP: 33/38 MP: 8/8
  3428 | D:5      | Gained a life (2 lives remaining)
  3455 | D:5      | Found a hazy altar of Hepliaklqana.
  3474 | D:5      | Found Keduvam's Weapon Shoppe.
  3589 | D:5      | Found Gebyq's Distillery.
  3742 | D:5      | Acquired a manual of Fighting
  3753 | D:5      | Found a glowing golden altar of the Shining One.
  3794 | D:5      | Bought a scroll of identify for 48 gold pieces
  3794 | D:5      | Bought 2 scrolls of identify for 96 gold pieces
  3794 | D:5      | Bought a scroll of teleportation for 72 gold pieces
  4001 | D:3      | Killed Ijyb
  4100 | D:2      | Killed Natasha
  4135 | D:2      | Noticed Natasha
  4146 | D:2      | Killed Natasha
  4147 | D:2      | Reached skill level 5 in Fighting
  4261 | D:2      | Noticed Natasha
  4266 | D:2      | Killed Natasha
  4340 | D:2      | Killed Terence
  4456 | D:6      | Reached skill level 5 in Unarmed Combat
  4480 | D:6      | Reached XP level 8. HP: 21/44 MP: 9/9
  4504 | D:6      | Acquired a manual of Unarmed Combat
  4523 | D:6      | Noticed Maggie
  4540 | D:6      | Killed Maggie
  4588 | D:6      | Reached skill level 10 in Dodging
  4681 | D:6      | Found Jeguh's Armour Emporium.
  4774 | D:6      | Reached XP level 9. HP: 21/50 MP: 10/10
  4817 | D:6      | Identified the +1 war axe of Teuta {pain, Str+3 Int-2
                  | Dex+2}
  4841 | D:6      | Learned a level 3 spell: Fugue of the Fallen
  4993 | D:7      | Reached skill level 5 in Shapeshifting
  5421 | D:7      | Found a burning altar of Makhleb.
  5422 | D:7      | Noticed Joseph
  5439 | D:7      | Killed Joseph
  5684 | D:7      | Found a runed translucent door.
  5688 | D:7      | Noticed SheepSpotted's ghost (novice DrSh)
  6044 | D:8      | Reached *** piety under Wu Jian
  6124 | D:8      | Found a white marble altar of Elyvilon.
  6151 | D:8      | Slain by a wight
  6151 | D:8      | Lost a life (1 life remaining)
  6152 | D:8      | Acquired a manual of Evocations
  6187 | D:8      | Reached skill level 1 in Evocations
  6187 | D:8      | Reached XP level 10. HP: 49/58 MP: 11/11
  6187 | D:8      | Gained a life (2 lives remaining)
  6452 | D:8      | Found a stormy altar of Qazlal.
  6586 | D:8      | Found Fuwuiwas's One-of-a-Kind Rings.
  6736 | D:9      | Noticed a cyclops
  6750 | D:9      | Killed a cyclops
  6915 | D:9      | Reached skill level 10 in Fighting
  6929 | D:9      | Reached **** piety under Wu Jian
  6983 | D:9      | Found a snail-covered altar of Cheibriados.
  7120 | D:9      | Reached skill level 5 in Evocations
  7217 | D:9      | Found a staircase to the Orcish Mines.
  7392 | D:9      | Noticed Jeremiah
  7394 | D:9      | Killed Jeremiah
  7395 | D:9      | Reached skill level 10 in Unarmed Combat
  7480 | D:9      | Found a staircase to the Lair.
  7480 | D:9      | Noticed an elephant
  7487 | D:9      | Killed an elephant
  7610 | D:10     | Entered Level 10 of the Dungeon
  7612 | D:10     | Reached XP level 11. HP: 64/64 MP: 12/12
  7630 | D:10     | Slain by a yak
  7630 | D:10     | Lost a life (1 life remaining)
  7678 | D:10     | Found an ancient bone altar of Kikubaaqudgha.
  7896 | D:10     | Found a portal to a secret trove of treasure.
  7965 | D:10     | Found a flagged portal.
  7979 | Bailey   | Entered a bailey
  7993 | Bailey   | Noticed an orc warlord
  8053 | Bailey   | Reached ***** piety under Wu Jian
  8073 | Bailey   | Found a runed translucent gate.
  8075 | Bailey   | Found a runed translucent gate.
  8077 | Bailey   | Found a runed translucent gate.
  8255 | Bailey   | Killed an orc warlord
  8256 | Bailey   | Reached skill level 15 in Dodging
  8301 | Bailey   | Gained mutation: Your thick and shaggy fur keeps you warm.
                  | (AC +3, rC+) [Felid growth]
  8301 | Bailey   | Reached XP level 12. HP: 70/70 MP: 13/13
  8412 | D:10     | You fall into a shaft and drop 3 floors!
  8686 | D:11     | Noticed a centaur warrior
  8688 | D:11     | Killed a centaur warrior
  8792 | D:11     | Found Momoisunn's Antique Armour Shoppe.
  9358 | D:10     | Noticed a two-headed ogre
  9364 | D:10     | Killed a two-headed ogre
  9771 | D:10     | Noticed a two-headed ogre
  9774 | D:10     | Killed a two-headed ogre
  9806 | D:10     | Noticed a yaktaur captain
  9835 | D:10     | Killed a yaktaur captain
  9845 | D:10     | Noticed a boulder beetle
  9983 | D:10     | Killed a boulder beetle
  9984 | D:10     | Reached XP level 13. HP: 61/76 MP: 14/14
  9984 | D:10     | Gained a life (2 lives remaining)
 10404 | Lair:1   | Entered Level 1 of the Lair of Beasts
 10491 | Lair:1   | Noticed Erica
 10501 | Lair:1   | Killed Erica
 10538 | Lair:1   | Reached skill level 10 in Evocations
 11801 | Lair:2   | Found a staircase to the Swamp.
 12395 | Lair:3   | Reached skill level 1 in Necromancy
 12400 | Lair:3   | Reached skill level 1 in Spellcasting
 12424 | Lair:3   | Noticed a dire elephant
 12444 | Lair:3   | Found a runed translucent door.
 12585 | Lair:3   | Found a hole to the Spider Nest.
 13013 | Lair:4   | Reached XP level 14. HP: 84/84 MP: 13/18
 13242 | Lair:4   | Found a staircase to the Slime Pits.
 13242 | Lair:4   | Found a viscous altar of Jiyva.
 13512 | Lair:5   | Entered Level 5 of the Lair of Beasts
 14011 | Lair:5   | Reached ****** piety under Wu Jian
 15474 | D:12     | Found a blossoming altar of Fedhas.
 15553 | D:12     | Reached skill level 5 in Necromancy
 15731 | D:12     | Reached XP level 15. HP: 88/88 MP: 21/23
 15797 | D:13     | Found a gate to the Vaults.
 15823 | D:12     | Reached skill level 5 in Spellcasting
 16391 | D:13     | Noticed Rupert
 16406 | D:13     | Killed Rupert
 16831 | D:14     | Found Ohug's Antique Weapon Shoppe.
 16865 | D:14     | Found Igeceuwk's Distillery.
 17541 | D:15     | Entered Level 15 of the Dungeon
 17593 | D:15     | HP: 2/88 [orc warrior/+0 war axe[an orc knight] (17)]
 18140 | D:15     | Found a staircase to the Depths.
 18760 | Orc:1    | Entered Level 1 of the Orcish Mines
 18883 | Orc:1    | Reached skill level 15 in Shapeshifting
 19035 | Orc:2    | Entered Level 2 of the Orcish Mines
 19054 | Orc:2    | Noticed Nessos
 19062 | Orc:2    | Nessos changed into Nessos the mana viper
 19062 | Orc:2    | Noticed Nessos
 19071 | Orc:2    | Killed Nessos the mana viper
 19073 | Orc:2    | Found a staircase to the Elven Halls.
 19250 | Orc:2    | Found Somoq's Armour Emporium.
 19421 | Orc:2    | Found Gyxuon's Book Shop.
 19421 | Orc:2    | Found Ocrihofikk's Book Emporium.
 19423 | Orc:2    | Found Soalis's Weapon Shoppe.
 19425 | Orc:2    | Found Butuplec's Antique Weapon Boutique.
 19742 | D:8      | Bought the ring of Bahyraim {rPois rF+ Int+6} for 650 gold
                  | pieces
 19866 | Swamp:1  | Entered Level 1 of the Swamp
 20419 | Swamp:2  | Reached XP level 16. HP: 83/93 MP: 24/24
 20454 | Swamp:2  | Noticed a thorn hunter
 20465 | Swamp:2  | Killed a thorn hunter
 20569 | Swamp:2  | Noticed Frances
 20573 | Swamp:2  | Killed Frances
 21073 | Swamp:3  | Reached skill level 15 in Unarmed Combat
 21181 | Swamp:3  | Reached skill level 15 in Fighting
 21592 | Swamp:4  | Entered Level 4 of the Swamp
 21738 | Swamp:4  | Reached skill level 15 in Evocations
 21813 | Swamp:4  | Noticed a thorn hunter
 21825 | Swamp:4  | Killed a thorn hunter
 21826 | Swamp:4  | Reached XP level 17. HP: 100/100 MP: 25/25
 21839 | Swamp:4  | Got a decaying rune of Zot
 22498 | Spider:1 | Entered Level 1 of the Spider Nest
 22932 | Spider:2 | Noticed Arachne
 22934 | Spider:2 | Noticed Mlioglotl
 22936 | Spider:2 | Killed Arachne
 22943 | Spider:2 | Killed Mlioglotl
 23036 | Spider:4 | Entered Level 4 of the Spider Nest
 23049 | Spider:4 | Identified the serpent talisman of Xacid {rC++ rN+++
                  | Stlth-}
 23049 | Spider:4 | Noticed Aizul
 23055 | Spider:4 | Killed Aizul
 23063 | Spider:4 | Noticed Mara
 23068 | Spider:4 | Noticed bakla's illusion
 23068 | Spider:4 | Killed Mara
 23072 | Spider:4 | Noticed Bai Suzhen
 23092 | Spider:4 | Killed Bai Suzhen
 23215 | Spider:4 | Found a runed translucent door.
 23216 | Spider:4 | Found a shimmering altar of Xom.
 23216 | Spider:4 | Noticed Midpoint's ghost (adept DsRe)
 23362 | Spider:4 | Got a milky-white gem with 1165 turns to spare
 23443 | Spider:4 | Got a gossamer rune of Zot
 23598 | Spider:4 | Identified the granite talisman of Geof {rF+ Int+3 Slay+3
                  | Stlth-}
 23598 | Spider:4 | Noticed Roxanne
 23918 | Spider:3 | Reached XP level 18. HP: 108/108 MP: 26/26
 24144 | Spider:3 | Lost the milky-white gem through the power of Zot.
 24984 | Elf:1    | Entered Level 1 of the Elven Halls
 25153 | Elf:1    | Noticed Donald
 25159 | Elf:1    | Killed Donald
 25282 | Elf:1    | Found Lojanyza's Antique Weapon Emporium.
 25383 | Elf:1    | Found an ancient bone altar of Kikubaaqudgha.
 25677 | Elf:2    | Found Yguon's General Store.
 25679 | Elf:2    | Found Xubewutie's Book Emporium.
 25682 | Elf:2    | Found Etophoa's Book Shoppe.
 25685 | Elf:2    | Bought a potion of heal wounds for 75 gold pieces
 25699 | Elf:2    | Paralysed by an air elemental for 1 turns
 25923 | Elf:2    | Found a runed translucent gate.
 25924 | Elf:2    | Found a runed translucent gate.
 25929 | Elf:2    | Found a runed translucent gate.
 26219 | Elf:3    | Entered Level 3 of the Elven Halls
 26639 | Elf:3    | Reached skill level 10 in Stealth
 26650 | Elf:3    | Reached XP level 19. HP: 109/115 MP: 27/27
 26654 | Elf:3    | Identified the +8 great sword of the Vine {flame, ^Fragile
                  | Will++ Dex+3 SInv}
 26654 | Elf:3    | Identified the ring "Ytiz" {rPois AC+4}
 26690 | Elf:3    | Identified the ring of the Median {rF+ rC+ Stlth+}
 26759 | Elf:3    | Identified the amulet "Ideinko" {Acrobat Str+2}
 26769 | Elf:3    | Identified the +2 scimitar "Embalmer" {drain, rC+ Str+4}
 26814 | Elf:3    | Identified the +1 shadow dragon scales of Vaug {Harm rElec
                  | Will+ Stlth++++}
 26817 | Elf:3    | Identified the +2 plate armour of Tafeedomm {rElec Str+8
                  | Slay-4}
 26822 | Elf:3    | Identified the +9 dagger "Aseadere" {protect, rC++ Str+3
                  | Int+3}
 26830 | Elf:3    | Identified the +0 ring mail "Zemmoqep" {Int+5}
 26850 | Elf:3    | Identified the +2 rapier of Depez {freeze, Str+2 Dex+4}
 26902 | Elf:3    | Identified the +1 mace of the Heavens {antimagic, ^Contam
                  | rF+ Will+ Int+7}
 27338 | Vaults:1 | Entered Level 1 of the Vaults
 27627 | Vaults:1 | Found Vascheadu's Weapon Emporium.
 27716 | Vaults:1 | Noticed Asterion
 27730 | Vaults:1 | Killed Asterion
 28372 | Vaults:4 | Reached skill level 15 in Stealth
 28433 | Vaults:5 | Entered Level 5 of the Vaults
 28433 | Vaults:5 | Noticed a golden dragon
 28436 | Vaults:5 | Reached XP level 20. HP: 123/123 MP: 24/28
 28457 | Vaults:5 | Reached skill level 1 in Invocations
 28476 | Vaults:5 | Killed a golden dragon
 28477 | Vaults:5 | Reached skill level 5 in Invocations
 28480 | Vaults:5 | Noticed an ancient lich
 28488 | Vaults:5 | Killed an ancient lich
 28507 | Vaults:5 | Noticed a golden dragon
 28514 | Vaults:5 | Killed a golden dragon
 28523 | Vaults:5 | Noticed a dread lich
 28528 | Vaults:5 | Killed a dread lich
 28564 | Vaults:5 | Reached skill level 10 in Invocations
 28592 | Vaults:5 | Identified the amulet of the Merwolf {RegenMP Harm Dex+6}
 28615 | Vaults:5 | Got the Compilation of Ill Luck and Accompaniment
 28629 | Vaults:5 | Identified the +8 chain mail of the Trombone {^Contam Fly
                  | rF++ SInv}
 28683 | Vaults:5 | Identified the ring "Woboli" {Wiz Str+3}
 28733 | Vaults:5 | Got a shining gem with 1749 turns to spare
 28750 | Vaults:5 | Got a silver rune of Zot
 28790 | Vaults:5 | Identified the +7 dagger of Beogh's Approval {venom, Int+4}
 28798 | Vaults:5 | HP: 6/159 [ironbound convoker/+3 halberd of venom (13)]
 29148 | Vaults:5 | Identified the granite talisman of Liberalism {Int+2}
 29275 | Vaults:5 | Identified the +4 ring mail of Vycwecw {Dex+2}
 29317 | Vaults:5 | Reached XP level 21. HP: 128/128 MP: 31/31
 29333 | Vaults:5 | Noticed a golden dragon
 29340 | Vaults:5 | Killed a golden dragon
 29710 | Vaults:5 | Identified the +0 ring mail of Levity {Harm rPois rN+
                  | Slay+5 Stlth-}
 30007 | Vaults:2 | Lost the shining gem through the power of Zot.
 30296 | D:5      | Bought a potion of mutation for 120 gold pieces
 30296 | D:5      | Bought a potion of mutation for 120 gold pieces
 30296 | D:5      | Bought a potion of attraction for 45 gold pieces
 30296 | D:5      | Bought a potion of curing for 45 gold pieces
 30296 | D:5      | Bought a potion of curing for 45 gold pieces
 30296 | D:5      | Bought a potion of might for 60 gold pieces
 30296 | D:5      | Bought a potion of invisibility for 120 gold pieces
 30296 | D:5      | Bought a potion of might for 60 gold pieces
 30334 | D:7      | Identified the +0 hand axe of the Madman {flame, *Noise
                  | +Blink Str+5 Dex+3}
 30475 | D:14     | Bought 2 potions of haste for 260 gold pieces
 30475 | D:14     | Bought a potion of invisibility for 104 gold pieces
 30475 | D:14     | Bought a potion of curing for 39 gold pieces
 30475 | D:14     | Bought a potion of haste for 130 gold pieces
 30475 | D:14     | Bought 2 potions of haste for 260 gold pieces
 30475 | D:14     | Bought a potion of curing for 39 gold pieces
 30475 | D:14     | Bought a potion of enlightenment for 65 gold pieces
 30475 | D:14     | Bought a potion of might for 52 gold pieces
 30540 | Depths:1 | Entered Level 1 of the Depths
 30684 | Depths:1 | Found a one-way gateway to a ziggurat.
 31067 | Depths:4 | Entered Level 4 of the Depths
 31142 | Depths:4 | Found a gateway to Hell.
 31142 | Depths:4 | Found Big Baal Hell's Store.
 31298 | Depths:4 | Reached skill level 15 in Invocations
 31407 | Depths:4 | Found a broken altar of Ashenzari.
 31449 | Depths:4 | Found a gate to the Realm of Zot.
 31449 | Depths:4 | Noticed a golden dragon
 31452 | Depths:4 | Noticed a golden dragon
 31460 | Depths:4 | Killed a golden dragon
 31488 | Depths:4 | Noticed a golden dragon
 31496 | Depths:4 | Killed a golden dragon
 31536 | Depths:4 | Killed a golden dragon
 31547 | Depths:4 | Got a midnight gem with 1558 turns to spare
 31549 | Zot:1    | Entered Level 1 of the Realm of Zot
 31574 | Zot:1    | Noticed a golden dragon
 31752 | Zot:4    | Noticed a golden dragon
 31763 | Zot:4    | Killed a golden dragon
 31767 | Zot:4    | Reached XP level 22. HP: 133/133 MP: 9/35
 31787 | Zot:4    | Noticed a golden dragon
 31792 | Zot:4    | Killed a golden dragon
 31842 | Zot:5    | Entered Level 5 of the Realm of Zot
 31965 | Zot:5    | Noticed a Killer Klown
 31965 | Zot:5    | Noticed a Killer Klown
 31965 | Zot:5    | Noticed a Killer Klown
 31967 | Zot:5    | Noticed an orb of fire
 31972 | Zot:5    | Noticed a Killer Klown
 31972 | Zot:5    | Killed an orb of fire
 31975 | Zot:5    | Killed a Killer Klown
 31979 | Zot:5    | Killed a Killer Klown
 31989 | Zot:5    | Noticed a Killer Klown
 31989 | Zot:5    | Noticed a Killer Klown
 31990 | Zot:5    | Noticed a dread lich
 31990 | Zot:5    | Slain by an Orb Guardian
 31990 | Zot:5    | Lost a life (1 life remaining)
 32011 | Zot:5    | Noticed an ancient lich
 32057 | Zot:5    | Noticed an ancient lich
 32070 | Zot:5    | Killed an ancient lich
 32176 | Zot:5    | Killed an ancient lich
 32350 | Zot:5    | Killed a Killer Klown
 32399 | Zot:5    | Gained mutation: You are dopey. (Int -2) [mutagenic glow]
 32406 | Zot:5    | Got the Orb of Zot
 32413 | Zot:5    | Gained mutation: Your magical capacity is low. (-10% MP)
                  | [mutagenic glow]
 32425 | Zot:5    | Killed a Killer Klown
 32455 | Zot:5    | Killed a Killer Klown
 32462 | Zot:5    | Killed a Killer Klown
 32466 | Zot:5    | Noticed a Killer Klown
 32475 | Zot:5    | Noticed Hoptod's ghost (master DsFi)
 32480 | Zot:5    | Noticed an orb of fire
 32609 | Zot:2    | Noticed a golden dragon
 32665 | Depths:4 | Gained mutation: You are vulnerable to heat. (rF-) [a
                  | cacodemon]
 32703 | Depths:4 | Lost mutation: You are vulnerable to heat. (rF-) [potion of
                  | mutation]
 32703 | Depths:4 | Lost mutation: Your magical capacity is low. (-10% MP)
                  | [potion of mutation]
 32703 | Depths:4 | Gained mutation: You are clumsy. (Dex -2) [potion of
                  | mutation]
 32703 | Depths:4 | Gained mutation: You are very dopey. (Int -4) [potion of
                  | mutation]
 32703 | Depths:4 | Gained mutation: You have a pair of small horns on your
                  | head. [potion of mutation]
 33118 | Temple   | Fell from the grace of Wu Jian
 33118 | Temple   | Became a worshipper of Yredelemnul the Dark
 33133 | Temple   | Fell from the grace of Yredelemnul
 33133 | Temple   | Became a worshipper of Trog the Wrathful
 33191 | D:4      | Noticed Hime the pandemonium lord
 33199 | D:4      | Killed Hime the pandemonium lord
 33311 | D:$      | Escaped with the Orb!

Illustrated notes

Levels and vault maps discovered:
D:1:      dpeg_arrival_rhombus, layout_basic
D:2:      layout_loops_ring, bh_walls_and_bars, uniq_terence, uniq_natasha
D:3:      layout_basic, dancing_weapons_uskayaw, uniq_sigmund, uniq_ijyb
D:4:      layout_basic
D:5:      layout_loops_ring, lemuel_round_altar, tso_metal_star,
          minmay_temple_entry_antechambers, serial_shops, shop, shop,
          kennysheep_mini_moat, nicolae_shop_waterfront, shop,
          serial_bayou_lagoon_a, chequers_serial_rivers_micro_d
D:6:      layout_rooms, serial_shops, nicolae_shop_tiny_real_fake_doors,
          uniq_maggie
D:7:      layout_basic, mainiacjoe_overflow_paths,
          ebering_ghost_reflecting_pool, uniq_joseph
D:8:      layout_basic, grunt_qazlal_sundering, kennysheep_little_box,
          nicolae_shop_unique_rings, grunt_ministairs_12
D:9:      layout_roguey, overflow_temple_1_default,
          grunt_lair_entry_orc_guard_hut, david_orc_3, serial_rivers,
          chequers_serial_rivers_small_b, chequers_serial_rivers_room_b,
          chequers_serial_rivers_micro_b, chequers_serial_rivers_large_a,
          chequers_serial_rivers_micro_b, chequers_serial_rivers_micro_e,
          kennysheep_path_1, kennysheep_generic_room_9, uniq_jeremiah
D:10:     nzn_winding_woodlands_stair_cross [nzn_winding_woodlands_5x15_default,
          nzn_winding_woodlands_center_diamonds,
          nzn_winding_woodlands_5x15_split_checker,
          nzn_winding_woodlands_5x5_default,
          nzn_winding_woodlands_5x5_closed_star,
          nzn_winding_woodlands_5x15_concentric,
          nzn_winding_woodlands_center_triple_pond,
          nzn_winding_woodlands_5x15_eye], layout_basic,
          nicolae_overflow_hidden_temple, enter_bailey_3, enter_trove_0
D:11:     layout_basic, serial_shops, nicolae_shop_gibbet_a_chance
D:12:     layout_loops_ring, kennysheep_nondescript, fedhas_altar_3
D:13:     layout_basic, erik_vaults_2, uniq_rupert
D:14:     layout_basic, serial_shops, nicolae_stop_n_shop_1, shop,
          evilmike_butchery
D:15:     grunt_enter_depths_snipers, layout_basic
Temple:   nicolae_temple_great_sept
Lair:1:   layout_cave_pods, chequers_serial_rivers_room_b, uniq_erica
Lair:2:   layout_roguey, mainiacjoe_swamp_entry_lozenge_pond,
          grunt_forest_stairs_clearing
Lair:3:   gammafunk_lair_enchanted_lake, layout_regular_city,
          nicolae_spider_entry_tight_spaces
Lair:4:   layout_misc_corridors, nicolae_slime_entry_slimehenge,
          serial_bayou_ford_a, chequers_serial_rivers_large_b,
          grunt_megastairs_1
Lair:5:   evilmike_catoblepas_cave, layout_regular_city, grunt_megastairs_5,
          serial_bayou_shore_b
Swamp:1:  layout_basic_swamp, evilmike_swamp_ruin_house_5
Swamp:2:  layout_basic_swamp, evilmike_swamp_ruin_house_2, swamp_pool_1_2,
          nicolae_swamp_bloodsuckers_inc, uniq_frances
Swamp:3:  layout_basic_swamp, nicolae_swamp_some_circles, swamp_pool_5,
          hangedman_swamp_double_dragon
Swamp:4:  swamp_basic_johnstein, layout_basic_swamp
Spider:1: layout_spider_delve
Spider:2: layout_spider_delve, uniq_arachne, uniq_mlioglotl
Spider:3: layout_spider_delve, hangedman_spider_tarantella_strand
Spider:4: grunt_spider_rune_circles, ebering_ghost_xom, uniq_roxanne, uniq_mara,
          uniq_bai_suzhen, uniq_aizul
Orc:1:    layout_diamond_mine, basic_altar
Orc:2:    st_orc_rangers, layout_caves, serial_shops, nicolae_shop_mannequins,
          uniq_nessos
Elf:1:    layout_loops_cross, serial_shops, shop, basic_altar,
          nicolae_elf_crossing_hall, roderic_lattice_octagonal_star, uniq_donald
Elf:2:    nicolae_elf_blades_crystal_corner, layout_geoelf_grid,
          minmay_shop_star
Elf:3:    minmay_elf_hall_spiked, layout_geoelf_octagon, grunt_ministairs_11,
          fountainhead, due_unseen_surprise
Vaults:1: nicolae_vaults_heist, v_misc_11, nicolae_vaults_more_shelving_1,
          v_pattern_3, nicolae_vaults_weapon_check,
          nicolae_vaults_oval_intersection, hangedman_vaults_variations,
          nicolae_vaults_asterisk, nicolae_vaults_two_Ls,
          nicolae_vaults_house_2, layout_vaults_omnibox, serial_shops,
          nicolae_square_shop, uniq_asterion
Vaults:2: nicolae_vaults_frosty_reception, nicolae_vaults_network_star,
          nicolae_vaults_triangles, hangedman_vaults_stream,
          nicolae_vaults_network_s, grunt_vaults_bifocal,
          nicolae_vaults_trapezoid_4, nicolae_vaults_tetromino_Z_1,
          hangedman_vaults_nails, minmay_crypt_entry_simple_box,
          nicolae_vaults_murderbox, layout_vaults_omnigrid, serial_shops,
          nicolae_shop_trees
Vaults:3: nicolae_vaults_trapezoid_lopsided_1, v_pattern_5, v_rooms_6,
          vaults_dpeg_encased_lava, hangedman_vaults_slice,
          grunt_vaults_hallway_short, vaults_dpeg_hooks, hangedman_vaults_nails,
          v_misc_4, v_misc_18, nicolae_vaults_security_offices_4,
          ontoclasm_vaults_gateway, ontoclasm_vaults_ring_square,
          nicolae_vaults_trapezoid_3, grunt_vaults_focal,
          layout_vaults_omnicross
Vaults:4: v_misc_10, vaults_mumra_chevron_long, v_misc_1, v_misc_14,
          vaults_room_fancy_cross, nicolae_vaults_ninety_degrees,
          hangedman_vaults_slice, nicolae_vaults_border_crossing,
          nicolae_vaults_sesquioval_fish, layout_vaults_ring
Vaults:5: serial_shops
Depths:1: layout_basic, enter_ziggurat_c, hangedman_abyss_entry_splay,
          grunt_pan_entry_spiral, minmay_misc_feat_diagonals,
          grunt_hell_entry_dis_grunt, minmay_misc_feat_tiny, kb_rosetta,
          serial_bayou_shore_b, minmay_shoptagon
Depths:2: nicolae_cairo_tiling, layout_basic, pan_entry, hell_entry,
          infiniplex_staircase_pillars_1
Depths:3: hellmonk_paralyzer, layout_basic, abyss_entry_flame_altar,
          dk_noncrumbling_4, nzn_ghost_randoct, hell_entry,
          kennysheep_random_hallway, minmay_staircase_windowed_small, uniq_boris
Depths:4: evilmike_zot_entry_round, layout_cave_shapes,
          nicolae_hell_entry_big_baal_hell, nicolae_ashenzari_skybound,
          grunt_megastairs_4
Zot:1:    layout_basic
Zot:2:    layout_gridlike, bh_zot_ikea_curve, st_single_dragon_hoard_1,
          hangedman_zot_decor_slant, regret_index_zotdec_stipple_waver
Zot:3:    kennysheep_spiral_hall, layout_basic,
          regret_index_zotdec_serpentine_scales
Zot:4:    kennysheep_room_grid, layout_basic, regret_index_zotdec_iron_s,
          uniq_josephina
Zot:5:    layout_basic, gammafunk_ghost_arena, st_stairs_6

Skill      XL: |  1  2  3  4  5  6  7  8  9 10 11 12 13 14 15 16 17 18 19 20 21 22 |
---------------+-------------------------------------------------------------------+-----
Stealth        | 1 2 3 4 5 10 15 16 19 | 19.8
Dodging        | 5 6 7 8 10 12 14 15 16 17 18 19 20 | 20.0
Fighting       | 4 5 7 9 10 11 12 14 15 17 18 20 | 20.0
Unarmed Combat | 4 5 7 8 10 12 13 14 15 17 19 20 | 20.0
Shapeshifting  | 1 2 4 6 8 11 12 15 16 | 16.0
Evocations     | 1 5 7 9 11 13 15 | 15.0
Necromancy     | 2 5 |  5.0
Spellcasting   | 2 4 5 |  5.0
Invocations    | 12 17 20 | 20.1

Action                     |  1- 3 |  4- 6 |  7- 9 | 10-12 | 13-15 | 16-18 | 19-21 | 22-24 || total
---------------------------+-------+-------+-------+-------+-------+-------+-------+-------++-------
  Melee: Unarmed           |    97 |    87 |   362 |   543 |  1233 |  1022 |  1088 |   367 ||  4799
         Bite              |     5 |    12 |    41 |    62 |   171 |   132 |   153 |    64 ||   640
         Punch             |     1 |     2 |    17 |    34 |   117 |   116 |   177 |    63 ||   527
         Maw               |       |       |       |       |    39 |       |       |       ||    39
         Headbutt          |       |       |       |       |       |       |       |    19 ||    19
   Cast: Fugue of the Fall |       |       |       |       |    21 |    13 |    18 |     1 ||    53
 Invoke: Serpent's Lash    |       |       |       |     4 |    19 |    14 |    17 |     6 ||    60
         Heavenly Storm    |       |       |       |       |     1 |     3 |     3 |     1 ||     8
Ability: Whirlwind         |       |       |    77 |    64 |   351 |   379 |   430 |   124 ||  1425
         Lunge             |       |       |    22 |    43 |   114 |    79 |   100 |    26 ||   384
         Wall Jump         |       |       |       |     1 |       |     1 |     3 |       ||     5
  Evoke: Wand              |       |    12 |     9 |    13 |    32 |     4 |     2 |     5 ||    77
         Sack of spiders   |       |       |       |     1 |       |       |       |     1 ||     2
         Lightning rod     |       |       |       |     4 |       |       |       |       ||     4
         Phantom mirror    |       |       |       |       |     1 |       |       |     1 ||     2
         Tin of tremorston |       |       |       |       |       |       |       |     1 ||     1
    Use: Scroll            |     6 |     2 |    10 |    11 |     3 |     6 |    12 |     8 ||    58
         Potion            |     1 |     2 |     2 |     7 |     2 |     3 |     3 |    15 ||    35
   Stab: Sleeping          |     7 |    10 |     6 |    13 |    22 |    13 |    36 |       ||   107
         Invisible         |       |       |     4 |       |       |       |       |       ||     4
         Paralysed         |       |       |     3 |       |       |       |       |       ||     3
         Distracted        |       |       |       |     5 |     2 |     5 |     7 |     1 ||    20
         Petrifying        |       |       |       |       |     2 |       |       |       ||     2
         Petrified         |       |       |       |       |     1 |       |       |       ||     1
 Armour: Skin              |    24 |    14 |    80 |   108 |   234 |   440 |   328 |   156 ||  1384
  Dodge: Dodged            |    68 |    59 |   259 |   500 |   932 |  1835 |  1309 |   578 ||  5540
   Form: Blade             |       |       |       |     1 |       |       |       |       ||     1
         Statue            |       |       |       |       |     1 |       |     2 |       ||     3
         Maw               |       |       |       |       |     1 |       |       |       ||     1
                           |       |       |       |       |       |       |     1 |       ||     1

Table legend: (Time is in decaauts)
 A = Elapsed time spent in this place.
 B = Non-inter-level travel time spent in this place.
 C = Inter-level travel time spent in this place.
 D = Time resting spent in this place.
 E = Time spent auto-exploring this place.
 F = Levels seen in this place.
 G = Mean time per level.
                   A        B        C        D        E       F      G
               +--------+--------+--------+--------+--------+-----+--------+
         Total |  39076 |  34764 |   4312 |    811 |  23660 |  49 |  797.5 |
       Dungeon |  15167 |  13040 |   2127 |    398 |   9615 |  15 | 1011.1 |
        Temple |     80 |     58 |     22 |      0 |      0 |   1 |   80.0 |
          Lair |   4935 |   4302 |    633 |     18 |   3333 |   5 |  987.0 |
         Swamp |   3877 |   3597 |    280 |      0 |   2657 |   4 |  969.2 |
   Spider Nest |   3400 |   3263 |    137 |      0 |   2352 |   4 |  850.0 |
  Orcish Mines |   1048 |    848 |    200 |      0 |    657 |   2 |  524.0 |
   Elven Halls |   3240 |   3027 |    213 |      0 |   2086 |   3 | 1080.0 |
        Vaults |   3854 |   3464 |    390 |    129 |   2043 |   5 |  770.8 |
        Depths |   1658 |   1460 |    198 |      0 |    648 |   4 |  414.5 |
           Zot |   1501 |   1394 |    107 |    265 |    124 |   5 |  300.2 |
        Bailey |    313 |    313 |      0 |      0 |    142 |   1 |  313.0 |
               +--------+--------+--------+--------+--------+-----+--------+

Top non-repeatable levels by time:
Vaults:5: 1925 daAuts
    D:10: 1480 daAuts
   Elf:3: 1369 daAuts
  Lair:5: 1305 daAuts
     D:7: 1273 daAuts
     D:9: 1260 daAuts
    D:13: 1229 daAuts
    D:15: 1194 daAuts
Spider:3: 1185 daAuts
 Swamp:4: 1129 daAuts
 Swamp:2: 1108 daAuts
  Lair:3: 1097 daAuts
Spider:4: 1097 daAuts
     D:2: 1086 daAuts
    D:11: 1026 daAuts
